 Dungeon Crawl Stone Soup version 0.31.0-11-ge490571c62 (webtiles) character file.

Game seed: 2482867489649635126

11 mopl the Apothecary (level 2, -5/17 HPs)
             Began as an Octopode Alchemist on Feb 10, 2024.
             Slain by a kobold
             ... wielding a +7 short sword
              (7 damage)
             ... on level 1 of the Dungeon.
             The game lasted 00:00:24 (237 turns).

mopl the Apothecary (Octopode Alchemist)             Turns: 237, Time: 00:00:24

Health: -5/17      AC:  1    Str:  7    XL:     2   Next: 29%
Magic:  2/5        EV: 13    Int: 17    God:
Gold:   15         SH:  0    Dex: 12    Spells: 4/5 levels left

rFire   . . .        (no weapon)
rCold   . . .        (no shield)
rNeg    . . .        (helmet restricted)
rPois   .            (no amulet)
rElec   .            (no ring)
rCorr   .            (no ring)
SInv    .            (no ring)
Will    .....        (no ring)
Stlth   +++          (no ring)
HPRegen 0.22/turn    (no ring)
MPRegen 0.09/turn    (no ring)
                     (no ring)

%: no passive effects
@: no status effects
A: almost no armour, amphibious, 8 rings, camouflage 1, gelatinous body 1,
(nimble swimmer 1), tentacles
a: no special abilities


You were on level 1 of the Dungeon.
You visited 1 branch of the dungeon, and saw 1 of its levels.

You collected 15 gold pieces.

Inventory:

Scrolls
 c - a scroll of amnesia {unknown}
 d - a scroll of revelation {unknown}
 f - a scroll of silence {unknown}
Potions
 a - a potion of magic
 b - a potion of cancellation {unknown}
 e - a potion of lignification {unknown}
 g - a potion of invisibility {unknown}


   Skills:
 - Level 2.0 Dodging
 - Level 2.6 Stealth
 + Level 2.3 Spellcasting
 + Level 1.4 Conjurations
 + Level 3.5 Alchemy


You had 4 spell levels left.
You knew the following spells:

 Your Spells              Type           Power      Damage    Failure   Level
a - Sting                 Conj/Alch      40%        1d5       7%          1

Your spell library contained the following spells:

 Spells                   Type           Power      Damage    Failure   Level
 Mercury Vapours          Alch/Air       14%        N/A       14%         2
 Mephitic Cloud           Conj/Alch/Air  7%         N/A       28%         3
 Olgreb's Toxic Radiance  Alch           14%        N/A       41%         4
 Sticky Flame             Fire/Alch      7%         2d4       65%         4


Dungeon Overview and Level Annotations

Branches:
Dungeon (1/15)

Altars:


Innate Abilities, Weirdness & Mutations

You cannot wear most types of armour.
You are amphibious.
You can wear up to eight rings at the same time.
Your skin changes colour to match your surroundings (Stealth+).
Your rubbery body absorbs attacks. (AC +1, EV +1)
((You are camouflaged when in or above water. (Stealth+)))
You have tentacles for arms and can constrict up to eight enemies at once.


Message History

The sting hits the ball python.
The ball python is poisoned.
You kill the ball python!
You can't see any susceptible monsters within range! (Use Z to cast anyway.)
You now have 15 gold pieces.
A kobold comes into view. It is wielding a +0 dagger.
A kobold is nearby!
The sting hits the kobold.
The kobold is poisoned.
The kobold is moderately wounded.
The kobold shouts!
You hear a shout!
The sting hits the kobold but does no damage.
The kobold looks even sicker.
The kobold is moderately wounded. 2 kobolds come into view.
The kobold hits you with a +0 dagger.
The sting hits the kobold.
The kobold looks even sicker.
You kill the kobold!
The kobold shouts!
There are monsters nearby!
You closely miss the kobold. You grab the kobold.
You constrict the kobold, but do no damage.
The kobold closely misses you.
You tentacle-slap the kobold but do no damage.
You constrict the kobold. The kobold barely misses you.
The kobold hits you with a +0 whip.
You tentacle-slap the kobold. You squeeze the kobold.
You kill the kobold!
The kobold hits you with a +7 short sword.
You tentacle-slap the kobold but do no damage.
Your grab misses the kobold. Your squeeze misses the kobold.
The kobold hits you with a +7 short sword!
Ouch! That really hurt!
* * * LOW HITPOINT WARNING * * *
You tentacle-slap the kobold. Your grab misses the kobold.
The kobold is severely wounded.
The kobold closely misses you.
You tentacle-slap the kobold but do no damage.
Your grab misses the kobold.
The kobold is severely wounded.
The kobold hits you with a +7 short sword!
You die...

#......#####
##..##.#..## ###...#
............. ..#...
...##..[..... .....
#..#.......# #...# #
##...†.....# #...#.#
#......>..#####....
##.........##.##)K##.#
#..#.......##.##@....#
#.##............)#.###
###....##..##..### #
#....##..##..#
#....######..# ##...#
#... ##..# #..## #..#
#..# .... ...#


You could see a kobold.

Vanquished Creatures
  An endoplasm (D:1)
  2 hobgoblins (D:1)
  A quokka (D:1)
  A ball python (D:1)
  5 kobolds (D:1)
10 creatures vanquished.

Notes
Turn   | Place    | Note
-------+----------+-------------------------------------------
     0 | D:1      | mopl the Octopode Alchemist began the quest for the Orb.
     0 | D:1      | Reached XP level 1. HP: 11/11 MP: 3/3
   186 | D:1      | Reached XP level 2. HP: 17/17 MP: 1/5
   237 | D:1      | Slain by a kobold

Illustrated notes

Levels and vault maps discovered:
D:1:      giann_horns, layout_rooms, serial_co_window_serial,
          co_window_of_opportunity_a, co_window_cross_1, co_window_paths_a,
          co_window_corner_a, co_window_paths_b, co_window_paths_a,
          co_window_paths_a, co_window_of_opportunity_a, co_window_paths_a,
          co_window_cross_3, co_window_paths_c, co_window_paths_c,
          co_window_corner_b, co_window_2corner, co_window_paths_d,
          minmay_misc_feat_four_crosses, chequers_serial_rivers_micro_c,
          hangedman_decor_growths

Action                     || total
---------------------------++-------
  Melee: Unarmed           ||    19
         Constrict         ||     4
         Tentacles         ||     2
   Cast: Sting             ||    13
   Stab: Sleeping          ||     1
 Armour: Skin              ||    12
  Dodge: Dodged            ||     9
